 Dungeon Crawl Stone Soup version 0.24-a0-335-g06ca16a (webtiles) character file.

Game seed: 5419129709361076627

5134 Borgoz the Basher (level 10, -4/61 HPs)
             Began as a Gargoyle Gladiator on May 18, 2019.
             Was an Initiate of Ashenzari.
             Killed by divine providence
             ... invoked by a meliai
              (16 damage)
             ... on level 10 of the Dungeon.
             The game lasted 00:21:42 (10112 turns).

Borgoz the Basher (Gargoyle Gladiator)             Turns: 10112, Time: 00:21:43

Health: -4/61      AC: 21    Str: 19    XL:     10   Next: 58%
Magic:  13/13      EV: 16    Int:  9    God:    Ashenzari [......]
Gold:   321        SH:  0    Dex: 13    Spells: 9/9 levels left

rFire    . . .     SeeInvis +   a - +0 flail
rCold    . . .     Gourm    .   (no shield)
rNeg     + . .     Faith    .   L - +0 troll leather armour
rPois    ∞         Spirit   .   K - +1 helmet
rElec    +         Reflect  .   (no cloak)
rCorr    .         Harm     .   i - +0 pair of gloves
MR       .....                  z - +2 pair of boots
Stlth    +.........             (no amulet)
HPRegen  0.60/turn              D - +2 ring of protection
MPRegen  0.13/turn              c - ring of see invisible

@: hasted, very quick
A: negative energy resistance 1, electricity resistance, unbreathing,
petrification resistance, rot immunity, AC +7
a: Curse Item, Renounce Religion


You were on level 10 of the Dungeon.
You worshipped Ashenzari.
Ashenzari was noncommittal.
You were not hungry.

You visited 2 branches of the dungeon, and saw 11 of its levels.

You collected 503 gold pieces.
You spent 182 gold pieces at shops.

Inventory:

Hand Weapons
 a - a +0 flail (weapon)
 b - a +0 whip of draining
 w - the +2 battleaxe "Doyliero" {pain, rPois rC+}
   (You found it on level 7 of the Dungeon)

   In the hands of one skilled in necromantic magic, it inflicts extra damage on
   living creatures.
   It protects you from cold.
   It protects you from poison.
Missiles
 x - a throwing net (quivered)
Armour
 h - a +0 scale mail
 i - a +0 pair of gloves (worn)
 z - a +2 pair of boots (worn)
 K - a +1 helmet (worn)
 L - a +0 troll leather armour (worn)
Jewellery
 c - a ring of see invisible (right hand)
 D - a +2 ring of protection (left hand)
 F - a +1 ring of protection
Wands
 g - a wand of enslavement (22)
 k - a wand of acid (10)
Scrolls
 j - a scroll of summoning {unknown}
 l - a scroll of remove curse
 m - a scroll of immolation {unknown}
 o - a scroll of teleportation {unknown}
 p - 6 scrolls of amnesia
 q - a scroll of fog {unknown}
 r - 3 scrolls of blinking
 v - a scroll of enchant weapon
 y - a scroll of vulnerability {unknown}
 C - 2 scrolls of enchant armour
 I - a scroll of noise {unknown}
Potions
 e - a potion of cancellation
 n - 2 potions of flight
 t - 7 potions of curing
 u - 2 potions of magic
 A - 2 potions of mutation
 E - 2 potions of brilliance
 H - a potion of heal wounds
Comestibles
 f - 12 rations
 s - 9 chunks of flesh


   Skills:
 + Level 6.8 Fighting
 + Level 9.0 Maces & Flails
 - Level 1.7 Throwing
 + Level 6.2 Armour
 * Level 7.6 Dodging
 + Level 4.1 Evocations


You had 9 spell levels left.
You didn't know any spells.
Your spell library was empty.

Dungeon Overview and Level Annotations

Branches:
Dungeon (10/15)            Temple (1/1) D:7            Lair (0/6) D:8
    Orc (0/2) D:9

Altars:
Ashenzari
Cheibriados
Elyvilon
Fedhas
Gozag
Hepliaklqana
Kikubaaqudgha
Makhleb
Nemelex Xobeh
Okawaru
Qazlal
Ru
Sif Muna
Trog
Uskayaw
Vehumet
Wu Jian
Xom
Yredelemnul
Zin
The Shining One

Shops:
D:5 :!!(%

Annotations:
D:9 Pikel


Innate Abilities, Weirdness & Mutations

You are resistant to torment.
Your stone body is resilient. (AC +7)
You are immune to poison.
You resist negative energy. (rN+)
You are resistant to electric shocks. (rElec)
You can survive without breathing.
You are immune to petrification.
You are immune to rotting.


Message History

The meliai calls down the wrath of its god upon you.
Something smites you! The meliai closely misses you. x2
An orc warrior comes into view. It is wielding a +0 mace.
You sock the meliai!
The meliai is almost dead.
The meliai hits you but does no damage. The meliai closely misses you.
The meliai invokes the aid of its god against you.
Something smites you!
You feel yourself speed up. The meliai hits you but does no damage.
The meliai barely misses you.
The meliai invokes the aid of its god against you.
Something smites you! The meliai hits you but does no damage.
The meliai stings you. The meliai hits you with a +0 war axe.
The meliai stings you but does no damage.
The meliai hits you with a +0 war axe!
* * * LOW HITPOINT WARNING * * *
The meliai misses you.
The meliai invokes the aid of its god against you.
Something smites you!
You die...

...# # ...# #.
....#
+#.#+######...o.
..............
..........y.
........yy#
........@y#
..........# .
##+###....# .#
#....######.#
#...........#
#...........#
#...........+
#...........##
#.............


You could see an orc warrior, 3 meliai and a killer bee.

Vanquished Creatures
  The ghost of Borbor the Reanimator, a novice DsNe of Makhleb (D:8)
  A troll (D:10)
  2 hippogriffs (D:9)
  2 hungry ghosts (D:9)
  2 water moccasins (D:7)
  2 ice beasts
  Duvessa (D:7)
  3 phantoms
  A slave (D:10)
  2 orc warriors
  A necrophage (D:7)
  4 ogres
  A centaur (D:7)
  A crocodile (D:9)
  2 bullfrogs
  Dowan (D:7)
  A scorpion (D:8)
  3 troll zombies (D:9)
  A howler monkey (D:4)
  6 crimson imps
  A bullfrog zombie (D:7)
  8 hounds
  2 jellies
  4 orc priests
  2 centaur skeletons (D:7)
  13 orc wizards
  4 iguanas
  8 worker ants
  3 ogre zombies (D:9)
  A hound zombie (D:5)
  A hound skeleton (D:4)
  A worker ant zombie (D:5)
  9 gnolls
  10 adders
  2 shadow imps
  2 oozes
  An adder zombie (D:6)
  7 worms
  A dart slug (D:1)
  9 leopard geckos
  29 orcs
  2 ball pythons (D:3)
  7 giant cockroaches
  9 goblins
  12 hobgoblins
  6 jackals
  5 quokkas
  8 bats
  6 frilled lizards
  5 goblin zombies (D:9)
  2 hobgoblin zombies (D:9)
  A jackal zombie (D:7)
  10 kobolds
  A leopard gecko skeleton (D:4)
  3 orc skeletons (D:9)
  8 orc zombies (D:9)
  9 rats
250 creatures vanquished.

Notes
Turn   | Place    | Note
-------+----------+-------------------------------------------
     0 | D:1      | Borgoz the Gargoyle Gladiator began the quest for the Orb.
     0 | D:1      | Reached XP level 1. HP: 12/12 MP: 1/1
   120 | D:1      | Reached XP level 2. HP: 13/18 MP: 2/2
   552 | D:1      | You fall through a shaft!
   603 | D:2      | Found an ornate altar of the Wu Jian Council.
   603 | D:2      | Found a radiant altar of Vehumet.
   639 | D:1      | Reached XP level 3. HP: 22/22 MP: 3/3
   650 | D:1      | Reached skill level 1 in Armour
  1094 | D:2      | Found a bloodstained altar of Trog.
  1197 | D:2      | Reached XP level 4. HP: 25/27 MP: 4/4
  1429 | D:2      | Reached skill level 4 in Maces & Flails
  1432 | D:2      | Reached XP level 5. HP: 23/32 MP: 5/5
  1811 | D:2      | Found a sacrificial altar of Ru.
  2380 | D:3      | Reached XP level 6. HP: 37/37 MP: 6/6
  2794 | D:3      | Found a burning altar of Makhleb.
  2821 | D:3      | Found a faded altar of an unknown god.
  3464 | D:4      | Noticed a phantom
  3489 | D:4      | Reached skill level 5 in Maces & Flails
  3507 | D:4      | Reached XP level 7. HP: 33/42 MP: 7/7
  3569 | D:4      | HP: 1/42 [something/magic dart (4)]
  3963 | D:4      | Found a white marble altar of Elyvilon.
  3965 | D:4      | Found a stormy altar of Qazlal.
  4117 | D:5      | Entered Level 5 of the Dungeon
  4192 | D:5      | Found Nubar's Distillery.
  4284 | D:5      | Found Waepoh's Food Shop.
  4574 | D:5      | Found Bupp's Weapon Shoppe.
  4604 | D:5      | Found Faxad's Distillery.
  4623 | D:5      | Found Ymici's Book Boutique.
  4624 | D:5      | Bought a potion of berserk rage for 65 gold pieces
  4624 | D:5      | Bought a potion of heal wounds for 65 gold pieces
  4624 | D:5      | Bought a potion of might for 52 gold pieces
  4659 | D:5      | Found a glowing silver altar of Zin.
  4659 | D:5      | Found a shimmering altar of Xom.
  4659 | D:5      | Noticed an angel
  5047 | D:6      | Reached XP level 8. HP: 40/48 MP: 8/8
  5118 | D:6      | Reached skill level 6 in Maces & Flails
  5118 | D:6      | Reached skill level 5 in Dodging
  5194 | D:7      | Reached skill level 1 in Evocations
  5231 | D:7      | Reached skill level 5 in Fighting
  5353 | D:7      | Got a dazzling battleaxe
  5354 | D:7      | Identified the cursed +2 battleaxe "Doyliero" {pain, rPois
                  | rC+} (You found it on level 7 of the Dungeon)
  5503 | D:7      | Reached skill level 7 in Maces & Flails
  5503 | D:7      | Reached XP level 9. HP: 25/54 MP: 10/10
  5551 | D:7      | Noticed Duvessa
  5551 | D:7      | Noticed Dowan
  5677 | D:7      | Killed Duvessa
  5684 | D:7      | Killed Dowan
  5877 | D:7      | Found a hide-covered altar of Uskayaw.
  5877 | D:7      | Noticed a +0 hand axe
  5879 | D:7      | Noticed a +0 dagger
  6258 | D:6      | Found a sparkling altar of Nemelex Xobeh.
  6355 | D:6      | Reached skill level 5 in Armour
  6945 | D:7      | Found a staircase to the Ecumenical Temple.
  7382 | D:8      | Found a runed translucent gate.
  7382 | D:8      | Found a runed translucent gate.
  7382 | D:8      | Found a runed translucent gate.
  7383 | D:8      | Noticed Borbor's ghost (novice DsNe)
  7632 | D:8      | Reached skill level 8 in Maces & Flails
  7981 | D:8      | Found a sacrificial altar of Ru.
  8206 | D:8      | Found a staircase to the Lair.
  8296 | Temple   | Entered the Ecumenical Temple
  8543 | D:8      | Killed Borbor's ghost
  8543 | D:8      | Reached XP level 10. HP: 24/61 MP: 12/12
  9141 | D:9      | Found a staircase to the Orcish Mines.
  9414 | D:9      | Found a shattered altar of Ashenzari.
  9455 | D:9      | Became a worshipper of Ashenzari the Shackled
  9512 | D:9      | Noticed Pikel
  9525 | D:10     | Entered Level 10 of the Dungeon
  9554 | D:10     | Noticed a two-headed ogre
  9844 | D:9      | Reached skill level 9 in Maces & Flails
 10112 | D:10     | Killed from afar by a meliai

Levels and vault maps discovered:
D:1:      eino_arrival_water_star, layout_basic, minmay_tromino_i4
D:2:      minmay_diamond_boxcup, layout_basic, lemuel_crystal_altar,
          lemuel_coloured_pillars_altar, gammafunk_temple_overflow_elements,
          minivault_14
D:3:      layout_basic, marbit_many_paths, chequers_ecumenical_altar_island
D:4:      layout_loops_ring, minitemple, first_ration
D:5:      wad_lake_hut, layout_loops_ring,
          grunt_temple_overflow_order_and_chaos_1, serial_shops, shop, shop,
          nicolae_shop_crystal, kennysheep_little_box, shop,
          minmay_misc_feat_secret_circle
D:6:      layout_basic, nemelex_altar_shiori, wad_floor_pattern_2
D:7:      layout_basic, dancing_weapons_uskayaw,
          minmay_temple_entry_from_below_a, uniq_duvessa
D:8:      layout_basic, dpeg_oklobed_lair, ebering_ghost_rock_garden,
          nicolae_ru_the_path_less_chosen
D:9:      layout_grid_maze, cheibrodos_ashenzari_chains, lemuel_doored_altar,
          zombieorc1_lemuel, uniq_pikel
D:10:     layout_irregular_city, hangedman_ranch [blue_anna_fruit_fields]
Temple:   jpeg_temple_island

Skill      XL: |  1  2  3  4  5  6  7  8  9 10 |
---------------+-------------------------------+-----
Armour         | 1 2 3 4 5 6 |  6.2
Dodging        | 3 4 5 7 |  7.6
Fighting       | 3 4 5 6 |  6.8
Maces & Flails | 4 5 7 8 9 |  9.0
Evocations     | 2 3 4 |  4.1
Throwing       | |  1.7

Action                   |  1- 3 |  4- 6 |  7- 9 | 10-12 || total
-------------------------+-------+-------+-------+-------++-------
Melee: Flail             |    35 |       |    41 |   237 ||   313
       Whip              |    87 |   297 |   773 |    16 ||  1173
       Battleaxe         |       |       |    44 |       ||    44
Throw: Throwing net      |       |       |     4 |     2 ||     6
Evoke: Wand              |       |       |     7 |     5 ||    12
  Use: Potion            |       |     3 |     7 |     1 ||    11
       Scroll            |       |       |    10 |     3 ||    13
  Eat: Chunk             |     1 |     7 |    17 |     1 ||    26
       Ration            |       |       |       |     4 ||     4
Armor: Leather armour    |     6 |       |       |       ||     6
       Scale mail        |    81 |   123 |   385 |   134 ||   723
       Troll leather arm |       |       |       |    16 ||    16
Dodge: Dodged            |    76 |   182 |   451 |   185 ||   894

Table legend:
 A = Non-vault XP
 B = Vault XP
 C = Vault XP percentage of total XP
 D = Non-vault monster count
 E = Vault monster count
 F = Vault count percentage of total count
                 A         B        C        D         E       F
            +---------+---------+-------+---------+---------+-------
      Total |    5497 |    1838 |  25.1 |     205 |      44 |  17.7
            +---------+---------+-------+---------+---------+-------
        D:1 |      45 |       8 |  15.1 |      25 |       4 |  13.8
        D:2 |      63 |      52 |  45.2 |      15 |       9 |  37.5
        D:3 |     212 |      13 |   5.8 |      36 |       1 |   2.7
        D:4 |     503 |       0 |   0.0 |      20 |       0 |   0.0
        D:5 |     182 |       0 |   0.0 |      14 |       0 |   0.0
        D:6 |     988 |       0 |   0.0 |      26 |       0 |   0.0
        D:7 |    1426 |     211 |  12.9 |      31 |       2 |   6.1
        D:8 |     792 |     766 |  49.2 |      21 |       1 |   4.5
        D:9 |     918 |     788 |  46.2 |      12 |      27 |  69.2
       D:10 |     368 |       0 |   0.0 |       5 |       0 |   0.0
            +---------+---------+-------+---------+---------+-------
